Map: Central Protocol

Players

Batman

  • Race: Terran Terran
  • League: Silver

Grumm - Winner!

  • Race: Protoss Protoss
  • League: Gold

VOD

Have the link to the VOD?

Description

Time

  • Played on: Jan. 3, 2016, 5:19 p.m.
  • Length: 3:54
Show
View Real Time Build Order
Export as new Build Order

Batman Terran 

Build Orders:  

Get SALT Encoding   

  12  0:00  SCV  
  13  0:13  SCV  
  14  0:23  Supply Depot  
  14  0:25  SCV  
  15  0:28  Refinery  
  15  0:45  SCV  
  15  0:46  Barracks  
  16  0:57  SCV  
  16  1:02  Barracks  
  17  1:09  SCV  
  18  1:21  SCV  
  18  1:25  Supply Depot  
  19  1:32  Barracks Reactor  
  19  1:38  Orbital Command  
  19  1:50  Reaper  
  20  2:03  SCV  
  21  2:10  Reaper x2  
  23  2:18  SCV  
  23  2:22  Command Center  
  24  2:35  Reaper  
  25  2:39  SCV  
  25  2:41  Refinery  
  26  2:44  Reaper, Barracks  
  27  2:58  Supply Depot  
  27  3:00  SCV  
  27  3:02  Reaper  
Show
View Real Time Build Order
Export as new Build Order

Grumm Protoss - Winner!

Build Orders: Oracle Opening 

Get SALT Encoding   

  12  0:09  Pylon  
  13  0:14  Probe (Chrono Boost)  
  13  0:27  Gateway  
  13  0:31  Probe (Chrono Boost)  
  14  0:40  Assimilator  
  14  0:42  Probe (Chrono Boost)  
  15  0:50  Assimilator  
  15  0:52  Probe (Chrono Boost)  
  16  1:03  Probe (Chrono Boost)  
  17  1:13  Probe (Chrono Boost)  
  17  1:15  Cybernetics Core  
  18  1:22  Zealot  
  20  1:28  Probe (Chrono Boost)  
  21  1:38  Probe (Chrono Boost)  
  22  1:43  Pylon  
  22  1:58  Stargate  
  22  2:04  Probe (Chrono Boost)  
  23  2:20  Adept  
  25  2:23  Probe (Chrono Boost)  
  25  2:28  Pylon  
  25  2:44  Oracle  
  28  3:00  Adept  
  28  3:01  Probe (Chrono Boost)  
  31  3:07  Robotics Facility  
  31  3:09  Pylon  
  31  3:12  Probe (Chrono Boost)  
Tags
 
Add a new tag
Caveats
  • Supply blocks, unpowered buildings, or Contaminate may cause inaccurate times.
  • Supply counts are checked every 10 seconds.